Map: Ruins of Seras

Players

Nightwing - Winner!

  • Race: Zerg Zerg
  • League: Silver

Javert

  • Race: Zerg Zerg
  • League: Silver

VOD

Have the link to the VOD?

Description

Time

  • Played on: July 20, 2015, 3:33 p.m.
  • Length: 5:21
Show
View Real Time Build Order
Export as new Build Order

Nightwing Zerg - Winner!

Build Orders: Pool First 

Get SALT Encoding   

  12  0:01  Drone  
  13  0:13  Drone  
  14  0:17  Extractor  
  14  0:18  Drone  
  14  0:33  Spawning Pool  
  13  0:40  Overlord  
  13  0:45  Drone  
  14  1:01  Drone  
  15  1:20  Zergling x6  
  15  1:21  Queen  
  20  1:28  Metabolic Boost  
  20  1:31  Zergling x2  
  21  1:44  Zergling x2  
  22  2:01  Overlord  
  22  2:20  Zergling x2  
  22  2:21  Zergling x2  
  24  2:26  Hatchery  
  23  2:49  Zergling x10  
  26  3:03  Drone  
  26  3:04  Baneling Nest  
  26  3:27  Zergling x4  
  28  3:28  Queen  
  26  3:56  Queen  
  26  3:57  Drone x2  
  26  3:59  Zergling x8  
  34  4:05  Baneling x3  
  34  4:06  Drone, Baneling  
  35  4:10  Drone  
  35  4:11  Overlord  
  36  4:18  Overlord  
  34  4:37  Zergling x2  
  34  4:43  Drone  
  34  4:44  Drone x2  
  34  4:45  Drone x4  
  38  4:46  Drone  
  38  5:20  Extractor  
Show
View Real Time Build Order
Export as new Build Order

Javert Zerg 

Build Orders: Hatch First 

Get SALT Encoding   

  12  0:01  Drone  
  13  0:13  Overlord  
  13  0:18  Drone  
  14  0:31  Drone x2  
  14  0:35  Drone  
  17  0:53  Hatchery  
  16  0:57  Drone  
  16  1:00  Extractor  
  16  1:01  Drone  
  17  1:08  Drone  
  18  1:19  Spawning Pool  
  17  1:26  Drone  
  17  1:29  Drone  
  19  1:40  Drone  
  20  1:51  Overlord  
  20  2:01  Drone  
  21  2:06  Metabolic Boost  
  21  2:07  Queen  
  23  2:08  Queen  
  23  2:12  Zergling x2  
  23  2:14  Zergling x2  
  27  2:21  Zergling x2  
  27  3:18  Zergling x2  
  27  3:19  Zergling x8  
  24  3:44  Baneling Nest  
  24  3:46  Spawning Pool  
  22  3:51  Drone x2  
  24  3:58  Drone x3  
  27  4:09  Drone x3  
  30  4:23  Drone  
  30  4:24  Drone x3  
Tags
 
Add a new tag
Caveats
  • Supply blocks, unpowered buildings, or Contaminate may cause inaccurate times.
  • Supply counts are checked every 10 seconds.